 Dungeon Crawl Stone Soup version 0.25.0-9-g26727b657a (webtiles) character file.

Game seed: 4578187109531800283

441 Peloso the Shield-Bearer (level 6, -5/55 HPs)
             Began as a Minotaur Fighter on June 21, 2020.
             Was a Follower of Okawaru.
             Slain by a phantom (6 damage)
             ... on level 4 of the Dungeon.
             The game lasted 00:06:22 (2493 turns).

Peloso the Shield-Bearer (Minotaur Fighter)         Turns: 2493, Time: 00:06:23

Health: -5/55      AC:  9    Str: 21    XL:     6   Next: 71%
Magic:  4/5        EV:  6    Int:  5    God:    Okawaru [*.....]
Gold:   88         SH: 10    Dex: 13    Spells: 5/5 levels left

rFire    + . .     SeeInvis .   a - +0 long sword
rCold    . . .     Gourm    .   c - +0 kite shield
rNeg     . . .     Faith    .   p - +0 chain mail
rPois    .         Spirit   .   (helmet restricted)
rElec    .         Reflect  .   (no cloak)
rCorr    .         Harm     .   (no gloves)
MR       .....     Clarity  +   (no boots)
Stlth    ..........             (no amulet)
HPRegen  0.18/turn              l - ring of protection from fire
MPRegen  0.09/turn              (no ring)

@: berserk cooldown, slowed, very slow
A: retaliatory headbutt, beak, horns 2, agile 1, clarity
a: Heroism, Renounce Religion


You were on level 4 of the Dungeon.
You worshipped Okawaru.
Okawaru was aware of your devotion.
You were not hungry.

You visited 1 branch of the dungeon, and saw 4 of its levels.

You collected 88 gold pieces.

Inventory:

Hand Weapons
 a - a +0 long sword (weapon)
 b - a +2 hunting sling of flaming
Armour
 c - a +0 kite shield (worn)
 o - a +0 scale mail
 p - a +0 chain mail (worn)
Jewellery
 l - a ring of protection from fire (left hand)
Scrolls
 e - 2 scrolls of identify
 h - 2 scrolls of enchant weapon {unknown}
 i - a scroll of amnesia {unknown}
 j - a scroll of fear {unknown}
 k - 3 scrolls of fog {unknown}
 n - 3 scrolls of teleportation
 r - a scroll of noise {unknown}
Potions
 d - a potion of might
 g - a potion of haste
 m - 2 potions of flight
Comestibles
 f - 5 rations


   Skills:
 + Level 4.8 Fighting
 + Level 5.4 Long Blades
 + Level 4.7 Armour
 + Level 1.5 Dodging
 + Level 5.9 Shields


You had 5 spell levels left.
You didn't know any spells.
Your spell library contained the following spells:

 Spells                   Type           Power        Failure   Level  Hunger
 Summon Small Mammal      Summ           #...         100%        1    ##.....
 Call Imp                 Summ           #.......     100%        2    ###....
 Call Canine Familiar     Summ           #.......     100%        3    ####...
 Summon Guardian Golem    Hex/Summ       #.......     100%        3    ####...
 Summon Ice Beast         Ice/Summ       #.......     100%        4    #####..
 Summon Lightning Spire   Summ/Air       #.......     100%        4    #####..


Dungeon Overview and Level Annotations

Branches:
Dungeon (4/15)
 Temple: D:4-7

Altars:
Okawaru

Annotations:
D:4 Grinder


Innate Abilities, Weirdness & Mutations

You reflexively headbutt those who attack you in melee.
You have a pair of horns on your head.
You have a beak for a mouth.
You are agile. (Dex +2)
You possess an exceptional clarity of mind.


Message History

* * * LOW HITPOINT WARNING * * *
You closely miss Grinder. Your headbutt misses Grinder.
Grinder is severely wounded.
The phantom blinks!
Grinder gestures at you.
You suddenly lose the ability to move!
Grinder hits you but does no damage. x2
You feel like a meek peon again. Grinder hits you.
* * * LOW HITPOINT WARNING * * *
A gnoll comes into view.
The gnoll shouts!
You hear a shout!
Grinder blinks!
A gnoll comes into view. It is wielding a +0 spear.
You can move again.
Unknown command.
You block the phantom's attack.
Grinder says, "Don't move a muscle."
You block Grinder's attack. The phantom hits you.
You die...

##### ### #...# #.## ...
##..# #.. ###...## ..#
##.###......# #####
.....#...##W#....# ##..#.
.........)@#.....#####.....
.........##5.....##........
....##...###g....#.........
... ##...#...............#
. #........###.......##
#.##.....# ##.##....#
.........# #....^...
.......... #..>##...
....... #........


You could see Grinder, a phantom and a gnoll.

Vanquished Creatures
  An ice beast (D:4)
  A scorpion (D:3)
  A howler monkey (D:4)
  A hound (D:3)
  2 worker ants (D:4)
  Robin (D:3)
  6 adders
  3 gnolls (D:3)
  A worm (D:2)
  A dart slug (D:2)
  4 leopard geckos
  3 orcs
  3 giant cockroaches
  20 goblins
  3 hobgoblins
  7 jackals
  3 ball pythons
  5 bats
  4 frilled lizards
  6 kobolds
  7 rats
83 creatures vanquished.

Notes
Turn   | Place    | Note
-------+----------+-------------------------------------------
     0 | D:1      | Peloso the Minotaur Fighter began the quest for the Orb.
     0 | D:1      | Reached XP level 1. HP: 19/19 MP: 0/0
   100 | D:1      | Reached XP level 2. HP: 23/27 MP: 1/1
  1052 | D:2      | Reached XP level 3. HP: 33/33 MP: 2/2
  1434 | D:2      | Found an iron altar of Okawaru.
  1446 | D:2      | Became a worshipper of Warmaster Okawaru
  1500 | D:2      | Reached XP level 4. HP: 36/40 MP: 3/3
  1553 | D:2      | Gained mutation: You possess an exceptional clarity of
                  | mind. [potion of mutation]
  1553 | D:2      | Gained mutation: You are agile. (Dex +2) [potion of
                  | mutation]
  1553 | D:2      | Gained mutation: You have a beak for a mouth. [potion of
                  | mutation]
  1943 | D:3      | Reached skill level 5 in Shields
  1943 | D:3      | Reached XP level 5. HP: 45/47 MP: 4/4
  2070 | D:3      | Noticed Robin
  2085 | D:3      | Killed Robin
  2412 | D:4      | Noticed a phantom
  2412 | D:4      | Noticed an ice beast
  2426 | D:4      | Reached XP level 6. HP: 53/53 MP: 5/5
  2432 | D:4      | Reached skill level 5 in Long Blades
  2433 | D:4      | Killed an ice beast
  2433 | D:4      | Reached * piety under Okawaru
  2433 | D:4      | Reached skill level 1 in Dodging
  2446 | D:4      | Noticed Grinder
  2461 | D:4      | Paralysed by Grinder for 5 turns
  2477 | D:4      | HP: 1/55 [phantom (2)]
  2485 | D:4      | HP: 2/55 [Grinder/nerve-wracking pain (2)]
  2486 | D:4      | Paralysed by Grinder for 6 turns
  2493 | D:4      | Slain by a phantom

Illustrated notes

Levels and vault maps discovered:
D:1:      sevenhm_arrival_forest_fort_large_4, layout_loops_cross
D:2:      layout_rooms, okawaru_metal_pillars_3, first_ration
D:3:      layout_loops_cross, uniq_robin
D:4:      layout_cave_pools, kennysheep_slug_shrine, lemuel_doored_altar,
          uniq_grinder

Skill      XL: |  1  2  3  4  5  6 |
---------------+-------------------+-----
Shields        | 4 5 |  5.9
Armour         | 4 |  4.7
Fighting       | 4 |  4.8
Long Blades    | 3 4 5 |  5.4
Dodging        | 1 |  1.5

Action                   |  1- 3 |  4- 6 || total
-------------------------+-------+-------++-------
Melee: Long sword        |    85 |   136 ||   221
       Headbutt          |    20 |    19 ||    39
       Peck              |       |    30 ||    30
Invok: Heroism           |       |     1 ||     1
  Use: Potion            |     2 |     2 ||     4
       Scroll            |       |     2 ||     2
  Eat: Chunk             |     2 |     3 ||     5
Armor: Scale mail        |    50 |     3 ||    53
       Chain mail        |       |    55 ||    55
Dodge: Dodged            |    36 |    43 ||    79
Block: Kite shield       |    56 |    79 ||   135
       Rpst.: Long sword |     9 |    12 ||    21
